 Dungeon Crawl Stone Soup version 0.29-a0-275-g389c0b56f3 (webtiles) character file.

Game seed: 3160896876779442135

77 spaghetti the Chucker (level 4, -1/33 HPs)
             Began as a Demonspawn Gladiator on Mar 11, 2022.
             Slain by a water moccasin (7 damage)
             ... on level 3 of the Dungeon.
             The game lasted 00:02:21 (1519 turns).

spaghetti the Chucker (Demonspawn Gladiator)        Turns: 1519, Time: 00:02:21

Health: -1/33      AC:  8    Str: 14    XL:     4   Next: 14%
Magic:  4/4        EV: 12    Int: 10    God:
Gold:   87         SH:  0    Dex: 16    Spells: 3/3 levels left

rFire   . . .      SeeInvis .     - Unarmed
rCold   . . .      Faith    .   (no shield)
rNeg    . . .      Spirit   .   a - +0 leather armour
rPois   +          Reflect  .   b - +0 helmet
rElec   .          Harm     .   (no cloak)
rCorr   .          Rampage  .   (no gloves)
Will    .....                   (no boots)
Stlth   +.........              (no amulet)
HPRegen 0.11/turn               k - +4 ring of protection
MPRegen 0.09/turn               l - ring of poison resistance

@: mighty, lethally poisoned (-1 -> -14), invisible
A: powered by death 1, sturdy frame 1, weakness stinger 1
a: no special abilities


You were on level 3 of the Dungeon.
You visited 1 branch of the dungeon, and saw 3 of its levels.

You collected 87 gold pieces.


Innate Abilities, Weirdness & Mutations

You regenerate a little health from kills.
Your movements are slightly less encumbered by armour. (ER -2)
You have a small tail.


   Skills:
 - Level 2.0 Fighting
 + Level 4.1 Throwing
 - Level 2.6 Dodging
 - Level 2.6 Unarmed Combat


You had 3 spell levels left.
You didn't know any spells.
Your spell library was empty.

Inventory:

Hand Weapons
 f - a +0 dagger {short}
   (You took it off a goblin on level 1 of the Dungeon)
 g - a +0 short sword {short}
   (You took it off a kobold on level 1 of the Dungeon)
 h - a +0 short sword {short}
   (You took it off a kobold on level 1 of the Dungeon)
 n - a +0 short sword {short}
   (You found it on level 1 of the Dungeon)
 o - a +0 hand crossbow {crossbow}
   (You found it on level 1 of the Dungeon)
 p - a +0 hand axe {axe}
   (You found it on level 2 of the Dungeon)
 q - a +0 dagger {short}
   (You took it off a goblin on level 3 of the Dungeon)
 s - a +0 short sword {short}
   (You took it off an orc on level 3 of the Dungeon)
Missiles
 c - 3 throwing nets {=f!fthrowing}
 d - a javelin {throwing}
 e - 47 stones (quivered) {throwing}
Armour
 a - a +0 leather armour (worn)
 b - a +0 helmet (worn)
Jewellery
 k - a +4 ring of protection (left hand)
   (You found it on level 1 of the Dungeon)
 l - a ring of poison resistance (right hand)
   (You found it on level 1 of the Dungeon)
 v - a ring of flight
   (You found it on level 3 of the Dungeon)
Scrolls
 m - 2 scrolls of identify {unknown}
 t - 3 scrolls of teleportation {unknown}
Potions
 r - a potion of brilliance {unknown}

Dungeon Overview and Level Annotations

Branches:
Dungeon (2/15)

Altars:
Okawaru

Annotations:
D:3 1 transporter

#### ...# ##.# ########
#.############......###
#......................
#.#########....@S..(..(
##.# #.###.##..... ...#
#.# #... ..#..... ####
#.###..###.#....# #
#.##...# #..#$.# ####
#.##...# #....# ##>.
#....... ....## ##.#
###....###..[.## ##.#
.......#....#.##


You could see a water moccasin (can't see you).


Message History

Found a stone staircase leading down.
No target in view!
There is a stone staircase leading down here.
Key pressed, stopping explore.
v - a ring of flight A water moccasin comes into view.
You throw a stone {throwing}.
The stone {throwing} closely misses the water moccasin.
You throw a stone {throwing}.
The stone {throwing} hits the water moccasin.
You throw a stone {throwing}.
The stone {throwing} closely misses the water moccasin.
You hit the water moccasin.
You tail-slap the water moccasin, but do no damage.
The water moccasin bites you but does no damage.
You hit the water moccasin but do no damage.
The water moccasin bites you but does no damage.
You closely miss the water moccasin. Your punch misses the water moccasin.
The water moccasin bites you but does no damage.
The water moccasin misses you.
You closely miss the water moccasin. The water moccasin barely misses you.
You hit the water moccasin.
You tail-slap the water moccasin, but do no damage.
The water moccasin closely misses you.
You hit the water moccasin.
Your tail-slap misses the water moccasin.
The water moccasin bites you.
The water moccasin bites you but does no damage. 😕 HP[-4]
You take 4 damage, and now have 29/33 hp.
You hit the water moccasin. The water moccasin bites you. 😮 HP[-5]
You take 5 damage, and now have 24/33 hp.
You are too injured to fight recklessly!
You are too injured to fight recklessly!
You are too injured to fight recklessly!
You are too injured to fight recklessly!
You are too injured to fight recklessly!
You are too injured to fight recklessly!
You are too injured to fight recklessly!
You are too injured to fight recklessly!
You are too injured to fight recklessly!
You are too injured to fight recklessly!
You are too injured to fight recklessly!
Unknown command.
It was a potion of curing.
You feel better. The water moccasin bites you.
The water moccasin barely misses you. 😮 HP[-1]
You take 1 damage, and now have 23/33 hp.
It was a potion of invisibility.
You fade into invisibility!
The water moccasin barely misses you.
Unknown command.
Okay, then.
You catch the helpless water moccasin completely off-guard!
You hit the water moccasin but do no damage.
The water moccasin bites you!
* * * LOW HITPOINT WARNING * * *
😨 HP[-7]
You take 7 damage, and now have 16/33 hp.
MASSIVE DAMAGE!! (PAUSE)
You barely miss the water moccasin.
Your tail-slap misses the water moccasin.
The water moccasin barely misses you. The water moccasin closely misses you.
You catch the helpless water moccasin completely off-guard!
You hit the water moccasin. The water moccasin closely misses you.
You hit the water moccasin. The water moccasin barely misses you.
The water moccasin misses you.
You hit the water moccasin.
The water moccasin completely misses you.
You hit the water moccasin but do no damage.
The water moccasin bites you.
* * * LOW HITPOINT WARNING * * *
😨 HP[-5]
You take 5 damage, and now have 11/33 hp.
You hit the water moccasin but do no damage.
The water moccasin closely misses you. 😨 HP[+1]
You hit the water moccasin.
Your tail-slap misses the water moccasin.
The water moccasin bites you.
* * * LOW HITPOINT WARNING * * *
The water moccasin bites you but does no damage. 😨 HP[-1]
You take 1 damage, and now have 11/33 hp.
You barely miss the water moccasin.
Your tail-slap misses the water moccasin.
The water moccasin bites you but does no damage.
You miss the water moccasin. The water moccasin bites you.
* * * LOW HITPOINT WARNING * * *
You are lethally poisoned!
The water moccasin poisons you! 😨 HP[-1]
You take 1 damage, and now have 10/33 hp.
It was a potion of might.
You feel very mighty all of a sudden.
* * * LOW HITPOINT WARNING * * *
You feel very sick. The water moccasin barely misses you.
The water moccasin bites you!
You die...

Skill      XL: |  1  2  3  4 |
---------------+-------------+-----
Throwing       | 2 3 4 |  4.1
Fighting       | |  2.0
Dodging        | |  2.6
Unarmed Combat | |  2.6

Action                   |  1- 3 |  4- 6 || total
-------------------------+-------+-------++-------
Melee: Unarmed           |    81 |    26 ||   107
       Punch             |     2 |       ||     2
       Tailslap          |     4 |     3 ||     7
Throw: Stone             |   116 |     9 ||   125
  Use: Potion            |       |     3 ||     3
 Stab: Invisible         |       |     2 ||     2
Armor: Leather armour    |    36 |    13 ||    49
Dodge: Dodged            |    47 |    15 ||    62

Levels and vault maps discovered:
D:1:      dpeg_arrival_three_same_balls, layout_basic,
          chequers_ecumenical_altar_grove, corexii_leaking_fountain
D:2:      layout_rooms, basic_altar
D:3:      layout_loops_ring, lemuel_tele_altar, gammafunk_ghost_smash

Notes
Turn   | Place    | Note
-------+----------+-------------------------------------------
     0 | D:1      | spaghetti the Demonspawn Gladiator began the quest for the
                  | Orb.
     0 | D:1      | Reached XP level 1. HP: 16/16 MP: 1/1
     0 | D:1      | magus.rc [v1.9.6]
    60 | D:1      | Reached skill level 2 in Throwing
   287 | D:1      | Gained mutation: Your movements are slightly less
                  | encumbered by armour. (ER -2) [demonic ancestry]
   287 | D:1      | Reached XP level 2. HP: 19/22 MP: 2/2
   748 | D:1      | Reached skill level 3 in Throwing
   904 | D:1      | Found a faded altar of an unknown god.
  1015 | D:2      | Gained mutation: You have a small tail. [demonic ancestry]
  1015 | D:2      | Reached XP level 3. HP: 27/27 MP: 3/3
  1170 | D:2      | You fall into a shaft and drop 1 floor!
  1170 | D:3      | Found a transporter.
  1291 | D:3      | Found an iron altar of Okawaru.
  1313 | D:3      | Gained mutation: You regenerate a little health from kills.
                  | [demonic ancestry]
  1313 | D:3      | Reached XP level 4. HP: 33/33 MP: 4/4
  1334 | D:3      | Reached skill level 4 in Throwing
  1496 | D:3      | Noticed a water moccasin
  1519 | D:3      | HP: 6/33 [poisoned by a water moccasin]
  1519 | D:3      | Slain by a water moccasin

Vanquished Creatures
  3 adders
  A dart slug (D:3)
  An orc (D:3)
  4 endoplasms
  5 giant cockroaches
  2 goblins
  4 hobgoblins (D:1)
  2 jackals (D:2)
  2 kobolds (D:1)
  A quokka (D:2)
  A ball python (D:1)
  8 bats
  7 frilled lizards
  4 rats
45 creatures vanquished.

Table legend:
 A = Non-vault XP
 B = Vault XP
 C = Vault XP percentage of total XP
 D = Non-vault monster count
 E = Vault monster count
 F = Vault count percentage of total count
                 A         B        C        D         E       F
            +---------+---------+-------+---------+---------+-------
      Total |     111 |       0 |   0.0 |      45 |       0 |   0.0
            +---------+---------+-------+---------+---------+-------
        D:1 |      36 |       0 |   0.0 |      22 |       0 |   0.0
        D:2 |      44 |       0 |   0.0 |      12 |       0 |   0.0
        D:3 |      31 |       0 |   0.0 |      11 |       0 |   0.0
            +---------+---------+-------+---------+---------+-------

Illustrated notes

Table legend:
 A = Kills in this place as a percentage of kills in entire the game.
 B = Kills by you in this place as a percentage of kills by you in the entire game.
 C = Kills by friends in this place as a percentage of kills by friends in the entire game.
 D = Other kills in this place as a percentage of other kills in the entire game.
 E = Experience gained in this place as a percentage of experience gained in the entire game.
 F = Experience gained in this place divided by the number of levels of this place that you have seen.
                   A       B       C       D       E      F
               +-------+-------+-------+-------+-------+----------------------
         Total | 100.0 | 100.0 |   N/A |   N/A | 100.0 |  37.0
       Dungeon | 100.0 | 100.0 |   N/A |   N/A | 100.0 |  37.0
               +-------+-------+-------+-------+-------+----------------------

Table legend: (Time is in decaauts)
 A = Elapsed time spent in this place.
 B = Non-inter-level travel time spent in this place.
 C = Inter-level travel time spent in this place.
 D = Time resting spent in this place.
 E = Time spent auto-exploring this place.
 F = Levels seen in this place.
 G = Mean time per level.
                   A        B        C        D        E       F      G
               +--------+--------+--------+--------+--------+-----+--------+
         Total |   1506 |   1474 |     32 |    183 |    968 |   3 |  502.0 |
       Dungeon |   1506 |   1474 |     32 |    183 |    968 |   3 |  502.0 |
               +--------+--------+--------+--------+--------+-----+--------+

Top non-repeatable levels by time:
     D:1: 981 daAuts
     D:3: 344 daAuts
     D:2: 180 daAuts
